 Dungeon Crawl Stone Soup version 0.22.1-1-ga44c0e56f4 (webtiles) character file.

39 Jynx the Insei (level 3, 0/23 HPs)
             Began as an Octopode Transmuter on Oct 24, 2018.
             Succumbed to an adder's poison
             ... on level 2 of the Dungeon.
             The game lasted 00:01:52 (1719 turns).

Jynx the Insei (Octopode Transmuter)                Turns: 1719, Time: 00:01:52

Health: 0/23       AC:  1    Str:  9    XL:     3   Next: 47%
Magic:  4/6        EV: 14    Int: 15    God:
Gold:   80         SH:  0    Dex: 13    Spells: 0/6 levels left

rFire    . . .     SeeInvis .     - Unarmed
rCold    . . .     Gourm    .   (no shield)
rNeg     . . .     Faith    .   (helmet restricted)
rPois    .         Spirit   .   (no amulet)
rElec    .         Reflect  .   (no ring)
rCorr    .         Harm     .   (no ring)
MR       .....                  (no ring)
Stlth    ++........             (no ring)
HPRegen  0.07/turn              (no ring)
MPRegen  0.10/turn              (no ring)
                                (no ring)
                                (no ring)

@: lethally poisoned (0 -> -16), about to teleport, appendage
A: almost no armour, stealthy swim, amphibious, 8 rings, constrict 8, tentacle
spike 3, camouflage 1, gelatinous body 1
a: End Transformation


You were on level 2 of the Dungeon.
You were not hungry.
One of your tentacles had a temporary spike.
You visited 1 branch of the dungeon, and saw 2 of its levels.

You collected 80 gold pieces.

Inventory:

Missiles
 a - 25 arrows
Scrolls
 b - 2 scrolls of identify {unknown}
 e - a scroll of enchant weapon {unknown}
 f - 2 scrolls of remove curse {unknown}
Comestibles
 c - 4 rations
 g - a chunk of flesh


   Skills:
 - Level 1.0 Fighting
 + Level 2.5 Dodging
 - Level 3.0 Unarmed Combat
 + Level 2.4 Spellcasting
 * Level 3.0 Transmutations


You couldn't memorise any spells.
You knew the following spells:

 Your Spells              Type           Power        Failure   Level  Hunger
a - Beastly Appendage     Tmut           ##....       6%          1    #......
b - Sticks to Snakes      Tmut           ##......     9%          2    ###....
c - Spider Form           Tmut/Pois      #.........   34%         3    ###....

Your spell library contained the following spells:

 Spells                   Type           Power        Failure   Level  Hunger
 Ice Form                 Ice/Tmut       #.......     75%         4    #####..
 Blade Hands              Tmut           ##........   86%         5    ######.


Dungeon Overview and Level Annotations

Branches:
Dungeon (2/15)

Altars:
Xom


Innate Abilities, Weirdness & Mutations

You cannot wear most types of armour.
You are very stealthy in the water. (Stealth+)
You are amphibious.
You can wear up to eight rings at the same time.
You can use your tentacles to constrict eight enemies at once.
Your skin changes colour to match your surroundings (Stealth+).
Your rubbery body absorbs attacks. (AC +1, EV +1)
One of your tentacles bears a large vicious spike.


Message History

You are more poisoned.
The adder poisons you!
Your ball python completely misses the adder.
Your ball python constricts the adder.
You tentacle-slap the adder but do no damage.
The adder is almost dead.
* * * LOW HITPOINT WARNING * * *
You feel sick. The adder bites you.
* * * LOW HITPOINT WARNING * * *
You are more poisoned.
The adder poisons you! The adder closely misses you.
Your ball python bites the adder.
Your ball python constricts the adder.
The adder dies!
You aren't carrying any potions.
* * * LOW HITPOINT WARNING * * *
You feel sick. The adder misses you.
You aren't carrying any potions.
As you read the scroll labeled SUVAIMENA, it crumbles to dust.
You feel strangely unstable.
It was a scroll of teleportation.
You die...

############.#...................
.............#...................
##############...................
................................
##############..................
......................... #
#######................. #
#..S....... # #?S@....... #
............... # .####..........
+ ............ ## ..#..........
.. ####.......... ## #..........
#..........


You could see an adder and a friendly ball python.

Vanquished Creatures
  An adder (D:2)
  A leopard gecko (D:1)
  A giant cockroach (D:2)
  7 goblins
  3 hobgoblins (D:1)
  A bat (D:2)
  3 frilled lizards
  2 kobolds
  5 rats
24 creatures vanquished.

Vanquished Creatures (collateral kills)
  An adder (D:2)
1 creature vanquished.

Grand Total: 25 creatures vanquished

Notes
Turn   | Place    | Note
-------+----------+-------------------------------------------
     0 | D:1      | Jynx the Octopode Transmuter began the quest for the Orb.
     0 | D:1      | Reached XP level 1. HP: 13/13 MP: 3/3
   360 | D:1      | Found a shimmering altar of Xom.
   476 | D:1      | Reached XP level 2. HP: 18/18 MP: 3/5
  1373 | D:2      | Reached XP level 3. HP: 22/23 MP: 4/6
  1474 | D:2      | Learned a level 2 spell: Sticks to Snakes
  1478 | D:2      | Learned a level 3 spell: Spider Form
  1718 | D:2      | HP: 1/23 [poisoned by an adder]
  1719 | D:2      | Succumbed to an adder's poison

Skill      XL: |  1  2  3 |
---------------+----------+-----
Transmutations | 3 |  3.0
Fighting       | |  1.0
Dodging        | |  2.5
Unarmed Combat | |  3.0
Spellcasting   | |  2.4

Action                   || total
-------------------------++-------
Melee: Unarmed           ||    47
       Constrict         ||    14
       Tentacles         ||     6
       Kick              ||     4
       Punch             ||     1
 Cast: Beastly Appendage ||    16
       Sticks to Snakes  ||     3
  Use: Scroll            ||     1
 Stab: Sleeping          ||     7
  Eat: Chunk             ||     3
Armor: Skin              ||     2
Dodge: Dodged            ||    28
